 Dungeon Crawl Stone Soup version 0.30-a0-457-g4b7bca3bfa (webtiles) character file.

Game seed: 5254750785804427677

23170 experimilk the Devastator (level 12, 58/82 HPs)
             Began as a Yellow Draconian Conjurer on Dec 13, 2022.
             Was a Priest of Sif Muna.
             Quit the game on level 3 of the Lair of Beasts on Dec 14, 2022.
             The game lasted 00:50:27 (17745 turns).

experimilk the Devastator (DrCj)                   Turns: 17745, Time: 00:50:27

Health: 58/82      AC: 16    Str: 10    XL:     12   Next: 69%
Magic:  26/26      EV: 12    Int: 22    God:    Sif Muna [***...]
Gold:   890        SH:  0    Dex: 11    Spells: 7/31 levels left

rFire   . . .      SeeInvis .    B - +4 trident
rCold   . . .      Faith    .    (no shield)
rNeg    . . .      Spirit   .    (body armour unavailable)
rPois   +          Reflect  .    (helmet restricted)
rElec   .          Harm     .    D - +2 cloak {rPois}
rCorr   +          Rampage  .    F - +3 pair of gauntlets of War {Slay+5}
Will    .....                    y - +0 pair of boots
Stlth   ++........               f - amulet of magic regeneration
HPRegen 0.33/turn                (no ring)
MPRegen 0.60/turn                (no ring)

@: no status effects
A: spit acid, AC +8, unfitting armour, cold-blooded, acid resistance
a: Breathe Acid, Renounce Religion, Channel Magic, Forget Spell


You were on level 3 of the Lair of Beasts.
You worshipped Sif Muna.
Sif Muna was most pleased with you.
You visited 3 branches of the dungeon, and saw 13 of its levels.
You also visited: Ossuary and Bailey.

You collected 980 gold pieces.
You spent 90 gold pieces at shops.

Inventory:

Hand Weapons
 B - a +4 trident (weapon)
Armour
 i - a scarf of resistance
 y - a +0 pair of boots (worn)
 D - a +2 cloak of poison resistance (worn)
 F - the +3 pair of gauntlets of War (worn) {Slay+5}
   (You found it in a bailey)

   Slay:      It affects your accuracy & damage with ranged weapons and melee
   (+5).
Magical Staves
 d - a staff of poison
Jewellery
 f - an amulet of magic regeneration (around neck)
 z - a ring of fire
 H - the ring "Zeok" {Will+ Str+4 Int-4 Dex+4}
   (You found it in a bailey)

   [ring of willpower]

   Str:       It affects your strength (+4).
   Int:       It affects your intelligence (-4).
   Dex:       It affects your dexterity (+4).
   Will:      It increases your willpower.
 K - the ring "Itox Migg" {rPois rF+ Int+6 Stlth-}
   (You found it on level 2 of the Lair of Beasts)

   [ring of protection from fire]

   Int:       It affects your intelligence (+6).
   rF:        It protects you from fire.
   rPois:     It protects you from poison.
   Stlth:     It makes you less stealthy.
Wands
 a - a wand of roots (14)
 j - a wand of light (4)
 u - a wand of mindburst (26)
 M - a wand of flame (8)
Scrolls
 h - 2 scrolls of acquirement {unknown}
 l - 8 scrolls of teleportation
 n - a scroll of enchant weapon {unknown}
 p - 2 scrolls of immolation
 q - 2 scrolls of fog {unknown}
 r - 4 scrolls of fear
 s - a scroll of silence {unknown}
 t - 2 scrolls of blinking {unknown}
 C - a scroll of enchant armour {unknown}
 J - a scroll of identify
 L - a scroll of magic mapping {unknown}
Potions
 b - 4 potions of haste
 c - 5 potions of might
 e - 5 potions of lignification
 g - 10 potions of curing
 k - 2 potions of heal wounds
 m - a potion of flight
 o - 3 potions of mutation
 v - 5 potions of attraction
 w - 2 potions of invisibility {unknown}
 x - 5 potions of brilliance
 A - 3 potions of ambrosia
 E - a potion of resistance {unknown}
 G - 2 potions of magic
 I - 2 potions of cancellation {unknown}


   Skills:
 - Level 0.3 Fighting
 - Level 1.7 Dodging
 - Level 1.7 Stealth
 * Level 10.2 Spellcasting
 - Level 15.0 Conjurations
 - Level 6.0 Translocations
 + Level 4.6 Ice Magic
 + Level 9.8 Invocations


You had 7 spell levels left.
You knew the following spells:

 Your Spells              Type           Power      Damage    Failure   Level
a - Frozen Ramparts       Ice            62%        1d10      2%          3
b - Magic Dart            Conj           100%       1d8       0%          1
c - Hailstorm             Conj/Ice       53%        3d12      1%          3
p - Passage of Golubria   Tloc           37%        N/A       4%          4
s - Ozocubu's Refrigerat  Ice            15%        4d10      100%        7
x - Iskenderun's Mystic   Conj/Tloc      55%        2d12      1%          4
z - Searing Ray           Conj           100%       2d8       1%          2

Your spell library contained the following spells:

 Spells                   Type           Power      Damage    Failure   Level
 Kiss of Death            Conj/Necr      100%       2d13      1%          1
 Shock                    Conj/Air       100%       1d9       1%          1
 Momentum Strike          Conj/Tloc      100%       3d10      1%          2
 Dazzling Flash           Conj/Hex       88%        N/A       1%          3
 Fulminant Prism          Conj/Hex       22%        3d12      2%          4
 Ensorcelled Hibernation  Hex/Ice        42%        N/A       3%          2
 Manifold Assault         Tloc           37%        N/A       4%          4
 Fireball                 Conj/Fire      22%        3d10      8%          5
 Passwall                 Tmut/Erth      9%         N/A       9%          2
 Swiftness                Air            11%        N/A       19%         3
 Ice Form                 Ice/Tmut       21%        N/A       22%         4
 Conjure Ball Lightning   Conj/Air       22%        3x3d6     38%         6
 Dispersal                Tloc           18%        N/A       61%         6
 Silence                  Hex/Air        5%         N/A       86%         5
 Disjunction              Tloc           18%        N/A       100%        8
 Lehudib's Crystal Spear  Conj/Erth      22%        10d6      100%        8


Dungeon Overview and Level Annotations

Branches:
Dungeon (9/15)             Temple (1/1) D:5            Lair (3/5) D:9
  Swamp (0/4) Lair:2       Spider (0/4) Lair:2          Orc (0/2) D:9
Ossuary (visited)          Bailey (visited)

Altars:
Ashenzari
Cheibriados
Dithmenos
Elyvilon
Fedhas
Hepliaklqana
Kikubaaqudgha
Nemelex Xobeh
Okawaru
Qazlal
Ru
Sif Muna
Trog
Uskayaw
Wu Jian
Xom
Yredelemnul
Zin
The Shining One

Annotations:
D:3 3 runed translucent doors, liarliar's ghost, amateur SpNe
Lair:1 1 runed translucent door, olddryhag's ghost, journeyman DsGl


Innate Abilities, Weirdness & Mutations

You can spit globs of acid.
Your golden yellow scales are hard. (AC +8)
You cannot fit into any form of body armour.
You are cold-blooded and may be slowed by cold attacks.
You are resistant to acid. (rCorr)


Message History

You start resting.
You start resting.
A polar bear comes into view.
You see here a hydra corpse.
You see here a yak skeleton.
You closely miss the polar bear. The polar bear bites you.
The polar bear claws you but does no damage. x2
The polar bear barely misses you. The polar bear claws you.
The polar bear barely misses you.
You puncture the polar bear!
Your tail-slap misses the polar bear.
The polar bear is lightly wounded.
The polar bear completely misses you. The polar bear misses you.
The polar bear barely misses you.
You closely miss the polar bear. You tail-slap the polar bear.
The polar bear is moderately wounded.
The polar bear bites you! The polar bear closely misses you.
The polar bear barely misses you.
You puncture the polar bear!
The polar bear is heavily wounded.
The polar bear bites you but does no damage.
The polar bear closely misses you. The polar bear barely misses you. x2
The polar bear claws you but does no damage. x2
You puncture the polar bear!
You tail-slap the polar bear, but do no damage.
The polar bear is heavily wounded.
The polar bear bites you but does no damage.
The polar bear claws you but does no damage. x2
You puncture the polar bear!
Your tail-slap misses the polar bear.
The polar bear is severely wounded.
The polar bear bites you. The polar bear closely misses you.
The polar bear barely misses you.
You puncture the polar bear!
You kill the polar bear!
Sif Muna accepts your kill.
You see here a yak skeleton.
Found 16 gold pieces.
Found 14 gold pieces.
Found a stone staircase leading down.
Found a trident.
Found a short sword and 10 gold pieces.
Are you sure you want to abandon this character and quit the game? (Confirm with "yes".)

#...###..รท...# ##.
###........#### ##
###.#........##
##P............#. .
#...............#
..#P...............#
....................#
......................
.##...@.............#
#...............$..
###...............
#..............
#P.)..........
##...........
####)...$.. ##...P


There were no monsters in sight!

Vanquished Creatures
  A hydra (Lair:3)
  A two-headed ogre (D:8)
  A lindwurm (Lair:3)
  An ugly thing (D:7)
  A cyclops (D:9)
  10 elephants (Lair:1)
  Maurice (D:8)
  A gargoyle (Bailey)
  Psyche (D:8)
  2 cane toads
  2 rime drakes (Lair:1)
  3 komodo dragons (Lair:1)
  Maggie (D:8)
  A queen bee (Lair:1)
  A troll (D:7)
  A polar bear (Lair:3)
  2 jumping spiders (Lair:2)
  A culicivora (Lair:2)
  2 wyverns
  A vampire (Bailey)
  27 yaks
  4 basilisks
  2 steam dragons (D:8)
  3 redbacks (Lair:2)
  Menkaure (D:6)
  2 acid dragons
  4 water moccasins
  3 orc warriors
  An ice beast (D:5)
  2 black bears
  2 sky beasts (D:7)
  An ogre (D:7)
  5 wolves (Lair:1)
  6 centaurs
  2 phantoms (D:6)
  3 kobold brigands
  8 bullfrogs
  4 necrophages
  2 gnoll sergeants
  4 scorpions
  3 wights (D:9)
  36 killer bees
  An electric eel (Lair:1)
  3 howler monkeys
  9 vampire bats (Bailey)
  6 wolf zombies (Bailey)
  4 jellies
  A human zombie (D:4)
  7 orc priests
  2 hounds
  6 iguanas
  Ijyb (D:3)
  13 orc wizards
  8 mummies (Ossuary)
  10 gnolls
  8 adders
  3 shadow imps
  2 white imps
  3 worms
  3 dart slugs (D:1)
  51 orcs
  3 ball pythons
  3 endoplasms
  4 giant cockroaches
  A gnoll zombie (Ossuary)
  13 goblins
  14 hobgoblins
  5 jackals
  6 quokkas
  9 bats
  6 frilled lizards
  8 kobolds
  2 kobold zombies (Ossuary)
  27 orc zombies
  6 rats
408 creatures vanquished.

Vanquished Creatures (others)
  7 fungi
  17 plants
24 creatures vanquished.

Grand Total: 432 creatures vanquished

Notes
Turn   | Place    | Note
-------+----------+-------------------------------------------
     0 | D:1      | experimilk the Draconian Conjurer began the quest for the
                  | Orb.
     0 | D:1      | Reached XP level 1. HP: 14/14 MP: 3/3
   348 | D:1      | Reached XP level 2. HP: 16/20 MP: 1/5
   761 | D:1      | Reached skill level 5 in Conjurations
   793 | D:1      | Reached XP level 3. HP: 26/26 MP: 3/6
   796 | D:1      | Learned a level 2 spell: Searing Ray
  1728 | D:2      | Reached XP level 4. HP: 30/33 MP: 0/7
  2153 | D:2      | Reached skill level 6 in Conjurations
  3074 | D:2      | Reached XP level 5. HP: 38/38 MP: 5/8
  3133 | D:2      | Found a faded altar of an unknown god.
  4123 | D:3      | Noticed Ijyb
  4133 | D:3      | Killed Ijyb
  4410 | D:3      | Reached skill level 7 in Conjurations
  4460 | D:3      | Found a runed translucent gate.
  4461 | D:3      | Found a runed translucent gate.
  4461 | D:3      | Noticed liarliar's ghost (amateur SpNe)
  4462 | D:3      | Found a runed translucent gate.
  5014 | D:4      | Reached XP level 6. HP: 45/45 MP: 6/9
  5073 | D:4      | Found a white marble altar of Elyvilon.
  5223 | D:4      | Reached skill level 8 in Conjurations
  5240 | D:4      | Found a sand-covered staircase.
  5249 | D:4      | Your scales start taking on a golden yellow colour.
  5249 | D:4      | Reached XP level 7. HP: 22/48 MP: 4/10
  5249 | D:4      | Gained mutation: You are resistant to acid. (rCorr) [Yellow
                  | Draconian growth]
  5262 | Ossuary  | Entered an ossuary
  5695 | Ossuary  | Reached skill level 9 in Conjurations
  5700 | Ossuary  | Learned a level 4 spell: Iskenderun's Mystic Blast
  6230 | D:5      | Entered Level 5 of the Dungeon
  6346 | D:5      | Reached skill level 1 in Translocations
  6421 | D:5      | Found a staircase to the Ecumenical Temple.
  6432 | D:5      | Reached XP level 8. HP: 56/58 MP: 7/12
  6442 | Temple   | Entered the Ecumenical Temple
  6571 | Temple   | Became a worshipper of Sif Muna the Loreminder
  6911 | D:5      | Reached skill level 10 in Conjurations
  7137 | D:6      | Found a blossoming altar of Fedhas.
  7293 | D:6      | Found Zin's Purification Station.
  7293 | D:6      | Found a glowing silver altar of Zin.
  7298 | D:6      | Bought a potion of curing for 90 gold pieces
  7339 | D:6      | Noticed Menkaure
  7377 | D:6      | Reached * piety under Sif Muna
  7392 | D:6      | Reached skill level 11 in Conjurations
  7425 | D:6      | Killed Menkaure
  8306 | D:6      | Reached XP level 9. HP: 36/63 MP: 13/13
  8593 | D:7      | Reached skill level 12 in Conjurations
  8776 | D:7      | Noticed a troll
  8785 | D:7      | Killed a troll
  8917 | D:7      | Found an ornate altar of the Wu Jian Council.
  8922 | D:7      | Got Qalasaisarr's Lectures on Graupel
  9258 | D:8      | Reached skill level 13 in Conjurations
  9293 | D:8      | Noticed Maurice
  9688 | D:8      | Reached ** piety under Sif Muna
  9708 | D:8      | Reached XP level 10. HP: 58/70 MP: 13/16
  9901 | D:8      | Reached skill level 5 in Translocations
  9918 | D:8      | Noticed a two-headed ogre
  9931 | D:8      | Killed a two-headed ogre
  9932 | D:8      | Reached skill level 5 in Spellcasting
 10114 | D:8      | Learned a level 3 spell: Hailstorm
 10119 | D:8      | Learned a level 4 spell: Passage of Golubria
 10416 | D:8      | Killed Maurice
 10505 | D:8      | Noticed Maggie
 10515 | D:8      | Killed Maggie
 10713 | D:8      | Noticed Psyche
 10720 | D:8      | Killed Psyche
 11246 | D:8      | Noticed a rakshasa
 11246 | D:8      | Noticed a white ugly thing
 11423 | D:7      | Killed a white ugly thing
 11424 | D:7      | Reached skill level 14 in Conjurations
 11769 | D:9      | Found a flagged portal.
 11777 | Bailey   | Entered a bailey
 12011 | Bailey   | Learned a level 3 spell: Frozen Ramparts
 12152 | Bailey   | Reached *** piety under Sif Muna
 12286 | Bailey   | Noticed a gargoyle
 12294 | Bailey   | Killed a gargoyle
 12375 | Bailey   | Found the +3 pair of gauntlets of War {Slay+5}
 12538 | Bailey   | Identified the ring "Zeok" {Will+ Str+4 Int-4 Dex+4}
 12649 | Bailey   | Reached XP level 11. HP: 75/75 MP: 5/20
 12916 | Bailey   | Identified the +2 robe "Ummuma" {Harm rPois rC+}
 12935 | Bailey   | Reached **** piety under Sif Muna
 13226 | D:9      | Reached skill level 15 in Conjurations
 13460 | D:9      | Reached skill level 1 in Ice Magic
 13460 | D:9      | Reached skill level 1 in Invocations
 13953 | D:9      | Found a staircase to the Orcish Mines.
 14344 | D:9      | Found a staircase to the Lair.
 14774 | D:9      | Found a broken altar of Ashenzari.
 14846 | Lair:1   | Entered Level 1 of the Lair of Beasts
 14896 | Lair:1   | Reached ***** piety under Sif Muna
 14901 | Lair:1   | Received a gift from Sif Muna
 15070 | Lair:1   | Got Sif Muna's Meditations on the Traveller and the Salvo
                  | {god gift}
 15126 | Lair:1   | Reached skill level 5 in Invocations
 15151 | Lair:1   | Reached XP level 12. HP: 35/82 MP: 16/25
 15910 | Lair:1   | Found a runed translucent door.
 15910 | Lair:1   | Noticed olddryhag's ghost (journeyman DsGl)
 15994 | Lair:1   | Learned a level 7 spell: Ozocubu's Refrigeration
 16532 | Lair:2   | Found a hole to the Spider Nest.
 16687 | Lair:2   | Identified the ring "Itox Migg" {rPois rF+ Int+6 Stlth-}
 16745 | Lair:2   | Found a staircase to the Swamp.
 17340 | Lair:3   | Reached skill level 10 in Spellcasting
 17548 | Lair:3   | Noticed a four-headed hydra
 17560 | Lair:3   | Killed a four-headed hydra
 17745 | Lair:3   | Quit the game

Illustrated notes

Levels and vault maps discovered:
D:1:      ebering_trefoil_3fold, layout_basic, hangedman_decor_clover_reticule
D:2:      layout_loops_corners, hellmonk_ecumenical_altar_defaced_shrine
D:3:      layout_basic, gammafunk_ghost_nasty_kobolds, uniq_ijyb
D:4:      layout_basic, lemuel_coloured_pillars_altar, enter_ossuary_3
D:5:      layout_rooms, minmay_temple_entry_mini_moons, kennysheep_small_circle
D:6:      layout_gridville, zin_purify, mainiacjoe_overflow_brackets,
          minmay_puff, uniq_menkaure
D:7:      layout_rooms, nicolae_wu_jian_wuxing_cycle
D:8:      minmay_chambers_of_sevens, layout_basic, nicolae_grassy_gnolls,
          uniq_maurice, uniq_maggie, uniq_psyche
D:9:      layout_layer_cave, nicolae_ashenzari_skybound, lair_entry_dummy,
          hiddenorc1_lemuel, enter_bailey_3
Temple:   nicolae_temple_great_sept
Lair:1:   layout_roguey [special_room_bee], ebering_ghost_inner_flame,
          nicolae_quartered_pool_medium, st_stairs_3
Lair:2:   layout_gridlike, swamp_mist_pool, nicolae_spider_entry_tight_spaces
Lair:3:   layout_cave_pods, infiniplex_staircase_pool, grunt_megastairs_1

Skill      XL: |  1  2  3  4  5  6  7  8  9 10 11 12 |
---------------+-------------------------------------+-----
Conjurations   | 5 6 7 8 9 11 13 14 15 | 15.0
Translocations | 2 3 4 6 |  6.0
Spellcasting   | 3 4 6 9 10 | 10.2
Ice Magic      | 3 4 |  4.6
Invocations    | 7 9 |  9.8
Fighting       | |  0.3
Dodging        | |  1.7
Stealth        | |  1.7

Action                   |  1- 3 |  4- 6 |  7- 9 | 10-12 || total
-------------------------+-------+-------+-------+-------++-------
Melee: Unarmed           |     9 |       |       |       ||     9
       Spear             |    21 |     9 |       |       ||    30
       Tailslap          |     4 |     1 |     3 |    21 ||    29
       Hand axe          |       |    15 |    47 |     7 ||    69
       Trident           |       |       |       |   100 ||   100
       Punch             |       |       |       |     1 ||     1
 Cast: Magic Dart        |    51 |    90 |    69 |    63 ||   273
       Searing Ray       |     3 |    28 |    65 |    61 ||   157
       Iskenderun's Myst |       |       |    15 |   116 ||   131
       Hailstorm         |       |       |       |    50 ||    50
       Passage of Golubr |       |       |       |     2 ||     2
       Frozen Ramparts   |       |       |       |     3 ||     3
       Ozocubu's Refrige |       |       |       |     1 ||     1
Invok: Channel Magic     |       |       |       |     5 ||     5
       Divine Exegesis   |       |       |       |     1 ||     1
 Abil: Breathe Acid      |       |       |    23 |    19 ||    42
Evoke: Wand              |       |       |     1 |    11 ||    12
  Use: Scroll            |     1 |     3 |     5 |     2 ||    11
       Potion            |       |     2 |       |     7 ||     9
Armor: Skin              |    12 |    17 |    46 |   143 ||   218
Dodge: Dodged            |    18 |    18 |    63 |   182 ||   281

Table legend: (Time is in decaauts)
 A = Elapsed time spent in this place.
 B = Non-inter-level travel time spent in this place.
 C = Inter-level travel time spent in this place.
 D = Time resting spent in this place.
 E = Time spent auto-exploring this place.
 F = Levels seen in this place.
 G = Mean time per level.
                   A        B        C        D        E       F      G
               +--------+--------+--------+--------+--------+-----+--------+
         Total |  17800 |  17496 |    304 |   6605 |   8267 |  15 | 1186.7 |
       Dungeon |  12774 |  12488 |    286 |   4392 |   6355 |   9 | 1419.3 |
        Temple |    137 |    137 |      0 |      0 |     98 |   1 |  137.0 |
          Lair |   2919 |   2901 |     18 |    977 |   1448 |   3 |  973.0 |
       Ossuary |    536 |    536 |      0 |    276 |    140 |   1 |  536.0 |
        Bailey |   1433 |   1433 |      0 |    960 |    226 |   1 | 1433.0 |
               +--------+--------+--------+--------+--------+-----+--------+

Top non-repeatable levels by time:
     D:8: 2086 daAuts
     D:2: 1915 daAuts
     D:9: 1908 daAuts
     D:1: 1763 daAuts
     D:6: 1491 daAuts
  Lair:1: 1440 daAuts
  Bailey: 1433 daAuts
     D:3: 1197 daAuts
  Lair:2: 1035 daAuts
     D:7: 864 daAuts
     D:4: 826 daAuts
     D:5: 721 daAuts
 Ossuary: 536 daAuts
  Lair:3: 442 daAuts
  Temple: 137 daAuts
